 Dungeon Crawl Stone Soup version 0.27.1-37-g7b29ead8ac (webtiles) character file.

Game seed: 3473844028489542191

1696 Sharkman1231 the Martial Artist (level 9, 0/102 HPs)
             Began as a Merfolk Transmuter on Apr 30, 2023.
             Was an Initiate of Makhleb.
             Slain by a wyvern skeleton (11 damage)
             ... on level 6 of the Dungeon.
             The game lasted 00:07:04 (8500 turns).

Sharkman1231 the Martial Artist (MfTm)              Turns: 8500, Time: 00:07:05

Health: 0/102      AC: 24    Str: 10    XL:     9   Next: 3%
Magic:  12/12      EV:  2    Int: 13    God:    Makhleb [......]
Gold:   44         SH:  0    Dex: 23    Spells: 8/12 levels left

rFire    . . .     SeeInvis .     - Unarmed
rCold    + . .     Faith    .   (no shield)
rNeg     + + +     Spirit   .   (armour currently unavailable)
rPois    +         Reflect  .   (helmet currently unavailable)
rElec    .         Harm     .   (cloak currently unavailable)
rCorr    .         Rampage  .   (gloves currently unavailable)
Will     .....     NoTele   +   (boots currently unavailable)
Stlth    ++........             (no amulet)
HPRegen  0.27/turn              i - ring of protection from cold
MPRegen  0.13/turn              C - +6 ring of dexterity

@: tree-form
A: stationary, stasis, torment immunity, boosted hp, (nimble swimmer 2),
(mertail)
a: Renounce Religion


You were on level 6 of the Dungeon.
You worshipped Makhleb.
Makhleb was noncommittal.
You were a tree.
You visited 1 branch of the dungeon, and saw 6 of its levels.

You collected 189 gold pieces.
You spent 145 gold pieces at shops.

Inventory:

Hand Weapons
 u - a +2 rapier of draining
Armour
 a - a +0 robe (melded)
 h - a +0 buckler
 n - a +0 helmet (melded)
Jewellery
 i - a ring of protection from cold (left branch)
 C - a +6 ring of dexterity (right branch)
Wands
 t - a wand of digging (5)
 w - a wand of flame (10)
 y - a wand of polymorph (3)
Scrolls
 b - a scroll of summoning {unknown}
 g - a scroll of fog {unknown}
 j - 2 scrolls of immolation {unknown}
 l - a scroll of blinking {unknown}
 m - a scroll of enchant armour {unknown}
 o - 3 scrolls of magic mapping
 r - a scroll of silence {unknown}
 s - a scroll of brand weapon {unknown}
 v - 2 scrolls of fear
Potions
 c - a potion of heal wounds
 d - a potion of brilliance
 e - 2 potions of attraction
 f - a potion of magic
 p - a potion of lignification
 q - a potion of resistance {unknown}
 x - 2 potions of berserk rage {unknown}
 z - a potion of flight
 A - 2 potions of haste {unknown}
 B - a potion of might


   Skills:
 + Level 5.5 Fighting
 - Level 2.6 Dodging
 * Level 8.6 Unarmed Combat
 - Level 2.0 Spellcasting
 + Level 7.2 Transmutations
 + Level 4.7 Poison Magic


You had 8 spell levels left.
You knew the following spells:

 Your Spells              Type           Power      Damage    Failure   Level
a - Beastly Appendage     Tmut           40%        N/A       1%          1
b - Spider Form           Tmut/Pois      8%         N/A       7%          3

Your spell library contained the following spells:

 Spells                   Type           Power      Damage    Failure   Level
 Wereblood                Tmut           20%        N/A       1%          2
 Ice Form                 Ice/Tmut       10%        N/A       50%         4
 Airstrike                Air            0%         N/A       94%         4
 Passage of Golubria      Tloc           N/A        N/A       94%         4
 Summon Lightning Spire   Summ/Air       1%         N/A       94%         4
 Lightning Bolt           Conj/Air       0%         1d11      100%        5
 Silence                  Hex/Air        0%         N/A       100%        5
 Lehudib's Crystal Spear  Conj/Erth      0%         10d2      100%        8


Dungeon Overview and Level Annotations

Branches:
Dungeon (6/15)
 Temple: D:4-7

Altars:
Gozag
Makhleb
Uskayaw

Shops:
D:4 ?   D:6 *


Innate Abilities, Weirdness & Mutations

You are a tree.
Your roots penetrate the ground, keeping you stationary.
You cannot be teleported.
You are immune to unholy pain and torment.
Your maximum health is greatly increased.
Your equipment is partially melded.
((You are quick and stealthy near water. (Stealth+, EV+, Speed+++)))
((Your lower body shifts to a powerful aquatic tail in water.))


Message History

Unknown command.
You feel better. The wyvern skeleton bites you!
* * * LOW HITPOINT WARNING * * *
The orc wizard points at you and mumbles some strange words.
You are confused.
You feel better.
The wyvern skeleton completely misses you.
The wyvern skeleton bites you but does no damage.
There is an open door here.
Found 12 stones.
Aiming: Throw Flame
Press: ? - help, Shift-Dir - straight line, f - orc wizard
Aim: an orc wizard, wielding a +0 dagger and wearing a +0 robe (60% to hit)
The puff of flame hits the orc wizard.
The orc wizard is lightly wounded.
The orc wizard casts a spell.
The orc wizard flickers and vanishes!
Deactivating autopickup; reactivate with Ctrl-A.
The wyvern skeleton closely misses you.
Unknown command.
Okay, then.
Really quaff the potion of lignification?
You turn into a tree.
Your +0 helmet melds into your body.
Your +0 robe melds into your body.
Your roots penetrate the ground.
Unknown command.
You are now empty-handed.
Unknown command.
You cannot move.
You cannot move.
Unknown command.
You cannot move.
You smack something!
Makhleb accepts your kill.
Reactivating autopickup.
You feel a bit more experienced. The wyvern skeleton bites you!
* * * LOW HITPOINT WARNING * * *
You smack the wyvern skeleton!
You punch the wyvern skeleton.
The wyvern skeleton is almost destroyed.
The wyvern skeleton bites you!
You die...

.## ..# (.# ..# ..##
##.# ...#
#####..#########..##
##.....#≈≈≈≈≈≈≈#...#
......##≈≈...≈≈#...##
......##≈..?..≈#....#
#......'....)..Z♣...#
)...##.#≈.....≈#....#
..######≈≈...≈≈#.....#
.## #≈≈≈≈≈≈≈#......#
.)# ##########.......
..## >.# #...... ##.##
#... #..... ##.##
#.... #.... ##.###..#


You could see a wyvern skeleton.

Vanquished Creatures
  6 yaks (D:5)
  An ice beast (D:5)
  A sky beast (D:5)
  An ogre (D:6)
  3 scorpions
  2 hounds (D:6)
  An orc priest (D:5)
  Ijyb (D:4)
  Jessica (D:3)
  An iguana (D:5)
  3 orc wizards
  3 gnolls (D:4)
  3 adders
  A howler monkey skeleton (D:6)
  A white imp (D:6)
  An adder skeleton (D:4)
  2 dart slugs
  14 orcs
  11 bats
  7 endoplasms
  A giant cockroach (D:4)
  7 goblins
  8 hobgoblins
  7 kobolds
  4 quokkas
  2 ball pythons
  7 frilled lizards
  6 rats
106 creatures vanquished.

Notes
Turn   | Place    | Note
-------+----------+-------------------------------------------
     0 | D:1      | Sharkman1231 the Merfolk Transmuter began the quest for the
                  | Orb.
     0 | D:1      | Reached XP level 1. HP: 15/15 MP: 3/3
   187 | D:1      | Reached XP level 2. HP: 14/21 MP: 3/5
  1008 | D:1      | HP: 1/22 [frilled lizard (1)]
  1110 | D:1      | HP: 1/22 [goblin (2)]
  1112 | D:1      | Reached XP level 3. HP: 2/27 MP: 4/6
  1222 | D:1      | Reached skill level 4 in Unarmed Combat
  1718 | D:1      | Learned a level 3 spell: Spider Form
  3026 | D:3      | Reached XP level 4. HP: 27/33 MP: 2/7
  3156 | D:3      | HP: 1/33 [poisoned by an adder]
  3469 | D:3      | Found a faded altar of an unknown god.
  3715 | D:3      | Found an opulent altar of Gozag.
  3993 | D:3      | Noticed Jessica
  4004 | D:3      | Killed Jessica
  4269 | D:4      | Noticed a scorpion
  4284 | D:4      | Killed a scorpion
  4285 | D:4      | Reached skill level 5 in Unarmed Combat
  4285 | D:4      | Reached XP level 5. HP: 23/39 MP: 1/8
  4496 | D:4      | Noticed Ijyb
  4506 | D:4      | Killed Ijyb
  4507 | D:4      | Reached skill level 1 in Poison Magic
  4796 | D:4      | Reached XP level 6. HP: 36/47 MP: 6/9
  4898 | D:4      | Found Qonuel's Magic Scroll Emporium.
  4907 | D:4      | Bought a scroll of identify for 26 gold pieces
  4907 | D:4      | Bought a scroll of fear for 45 gold pieces
  4907 | D:4      | Bought a scroll of teleportation for 39 gold pieces
  5145 | D:5      | Entered Level 5 of the Dungeon
  5233 | D:5      | Noticed an ice beast
  5256 | D:5      | Killed an ice beast
  5359 | D:5      | Noticed a sky beast
  5369 | D:5      | Killed a sky beast
  5370 | D:5      | Reached skill level 6 in Unarmed Combat
  5370 | D:5      | Reached skill level 5 in Transmutations
  5643 | D:5      | Reached XP level 7. HP: 48/52 MP: 6/10
  5819 | D:5      | Noticed a yak
  5819 | D:5      | Noticed a yak
  5819 | D:5      | Noticed a yak
  5819 | D:5      | Noticed a yak
  5819 | D:5      | Noticed a yak
  5819 | D:5      | Noticed a yak
  5911 | D:5      | Found a hide-covered altar of Uskayaw.
  6605 | D:5      | Killed a yak
  6614 | D:5      | Killed a yak
  6615 | D:5      | Reached skill level 7 in Unarmed Combat
  6615 | D:5      | Reached XP level 8. HP: 44/61 MP: 9/11
  6619 | D:5      | Killed a yak
  6638 | D:5      | Killed a yak
  7164 | D:5      | Killed a yak
  7165 | D:5      | Reached skill level 5 in Fighting
  7165 | D:5      | Reached skill level 8 in Unarmed Combat
  7172 | D:5      | Killed a yak
  7586 | D:5      | Found a hide-covered altar of Uskayaw.
  7937 | D:6      | Found Ethuuf's General Store.
  7945 | D:6      | Bought a scroll of magic mapping for 35 gold pieces
  8089 | D:6      | Found a burning altar of Makhleb.
  8419 | D:6      | Became a worshipper of Makhleb the Destroyer
  8476 | D:6      | Reached XP level 9. HP: 39/68 MP: 12/12
  8500 | D:6      | Slain by a wyvern skeleton

Illustrated notes

Levels and vault maps discovered:
D:1:      scummos_arrival_forest, layout_basic, st_stairs_4
D:2:      layout_loops_ring, grunt_ministairs_9, palyth_stone_intersect,
          minmay_cupped
D:3:      cheibrodos_helix_gallery, layout_basic,
          nicolae_gozag_cash_rules_everything_around_me,
          hellmonk_ecumenical_altar_arch_garden, hangedman_abyss_or_decor_stabs,
          kennysheep_jessica_study
D:4:      layout_loops_ring, serial_shops, shop_statue, uniq_ijyb
D:5:      layout_loops_corners, nicolae_uskayaw_dance_hall
D:6:      layout_layer_cave, makhleb_heckhound_becter,
          nicolae_sif_muna_little_library, serial_shops, nicolae_shop_stone,
          kennysheep_little_box, kennysheep_small_square

Skill      XL: |  1  2  3  4  5  6  7  8 |
---------------+-------------------------+-----
Transmutations | 3 4 5 7 |  7.2
Unarmed Combat | 4 5 6 7 8 |  8.6
Fighting       | 2 3 4 5 |  5.5
Poison Magic   | 1 2 3 4 |  4.7
Dodging        | |  2.6
Spellcasting   | |  2.0

Action                   |  1- 3 |  4- 6 |  7- 9 || total
-------------------------+-------+-------+-------++-------
Melee: Unarmed           |   133 |    84 |    58 ||   275
       Headbutt          |     4 |     4 |       ||     8
       Tailslap          |       |     1 |       ||     1
       Rapier            |       |    47 |    67 ||   114
       Punch             |       |     3 |     3 ||     6
 Cast: Beastly Appendage |     6 |     3 |       ||     9
       Spider Form       |       |     4 |     6 ||    10
Evoke: Wand              |       |       |     1 ||     1
  Use: Potion            |       |     1 |     3 ||     4
       Scroll            |       |     6 |     1 ||     7
 Stab: Sleeping          |     6 |     1 |     1 ||     8
Armor: Robe              |    21 |    36 |    18 ||    75
Dodge: Dodged            |    73 |   110 |    92 ||   275
